 Dungeon Crawl Stone Soup version 0.31.0-11-ge490571c62 (webtiles) character file.

Game seed: 7110603798678392822

74 Killerpretzel the Changeling (level 4, 0/29 HPs)
             Began as an Octopode Shapeshifter on Feb 9, 2024.
             Was an Initiate of Vehumet.
             Slain by a black bear (2 damage)
             ... on level 4 of the Dungeon.
             The game lasted 00:09:45 (3333 turns).

Killerpretzel the Changeling (OpSh)                 Turns: 3333, Time: 00:09:45

Health: 0/29       AC:  1    Str: 13    XL:     4   Next: 30%
Magic:  4/4        EV: 13    Int: 12    God:    Vehumet [......]
Gold:   198        SH:  0    Dex: 13    Spells: 3/3 levels left

rFire   . . .        p - +0 whip (holy)
rCold   . . .        (no shield)
rNeg    . . .        (helmet currently unavailable)
rPois   .            e - amulet of magic regeneration
rElec   .            n - ring of flight
rCorr   .            (no ring)
SInv    .            (no ring)
Will    .....        (no ring)
Stlth   ++           (no ring)
HPRegen 0.24/turn    (no ring)
MPRegen 0.49/turn    (no ring)
                     (no ring)

%: no passive effects
@: beast-form, flying
A: beast (slay +2), almost no armour, amphibious, 8 rings, camouflage 1,
gelatinous body 1, (nimble swimmer 1), tentacles
a: Begin Untransformation, Renounce Religion


You were on level 4 of the Dungeon.
You worshipped Vehumet.
Vehumet was noncommittal.
You were a hulking beast.
You visited 1 branch of the dungeon, and saw 4 of its levels.

You collected 198 gold pieces.

Inventory:

Hand Weapons
 i - a +0 short sword
 p - a +0 whip of holy wrath (weapon)
Jewellery
 e - an amulet of magic regeneration (around mantle)
 g - a +6 ring of intelligence
 n - a ring of flight (left tentacle)
Talismans
 b - a beast talisman
 c - a flux talisman
Scrolls
 d - a scroll of immolation {unknown}
 f - a scroll of amnesia
 j - a scroll of teleportation
 m - a scroll of silence
 o - a scroll of poison
Potions
 a - a potion of lignification
 h - a potion of curing
 k - a potion of enlightenment {unknown}
 l - a potion of berserk rage {unknown}


   Skills:
 + Level 1.9 Fighting
 + Level 2.6 Dodging
 + Level 3.4 Unarmed Combat
 * Level 3.8 Shapeshifting


You had 3 spell levels left.
You didn't know any spells.
Your spell library contained the following spells:

 Spells                   Type           Power      Damage    Failure   Level
 Magic Dart               Conj           0%         1d3       32%         1
 Summon Small Mammal      Summ           0%         N/A       32%         1
 Blink                    Tloc           0%         N/A       45%         2
 Call Imp                 Summ           0%         N/A       45%         2
 Call Canine Familiar     Summ           0%         N/A       69%         3
 Summon Blazeheart Golem  Fire/Summ      0%         N/A       97%         4


Dungeon Overview and Level Annotations

Branches:
Dungeon (4/15)             Temple (0/1) D:4

Altars:
Trog
Vehumet

Annotations:
D:3 exclusion: statue


Innate Abilities, Weirdness & Mutations

You are a hulking beast.
Your limbs bulge with bestial killing power. (Slay +2)
You cannot wear most types of armour.
You are amphibious.
You can wear up to eight rings at the same time.
Your skin changes colour to match your surroundings (Stealth+).
Your rubbery body absorbs attacks. (AC +1, EV +1)
((You are camouflaged when in or above water. (Stealth+)))
You have tentacles for arms and can constrict up to eight enemies at once.


Message History

The black bear barely misses you.
An iguana comes into view.
There are monsters nearby!
You hit the black bear but do no damage.
You squeeze the black bear.
The black bear is lightly wounded.
You constrict the black bear, but do no damage.
The black bear misses you. x2; The black bear barely misses you.
You hit the black bear.
The black bear is moderately wounded.
You constrict the black bear. The black bear barely misses you.
The black bear misses you. The black bear barely misses you.
You hit the black bear but do no damage.
The black bear is moderately wounded.
You constrict the black bear. The black bear closely misses you.
The black bear claws you. x2
You are too injured to fight recklessly!
There are monsters nearby!
You are too injured to fight recklessly!
You are too injured to fight recklessly!
You are too injured to fight recklessly!
You are too injured to fight recklessly!
There are monsters nearby!
You hit the black bear. You squeeze the black bear.
The black bear is heavily wounded.
You constrict the black bear. The black bear bites you.
The black bear completely misses you. x2
You hit the black bear.
The black bear is severely wounded.
You constrict the black bear. The black bear barely misses you.
The black bear closely misses you. The black bear claws you.
* * * LOW HITPOINT WARNING * * *
You release your grip on the black bear.
The black bear attacks as it pursues you!
The black bear barely misses you. The black bear misses you.
The black bear claws you.
* * * LOW HITPOINT WARNING * * *
The black bear attacks as it pursues you!
The black bear bites you.
You die...

#......... ....
#......... # #...
#.........
.#...##.........
.....#.........
#...#....s....
#..#.).......
#..h.l....... #
###h##....... ##
#######...##.....# .#
####....#..~..##.####
.# #.........~~~....#
.# ........#..≈..####
.# .......>##...###
## .........##.##.# #
..........#..).## #
## ...........#....#
#..


You could see a black bear, a scorpion and an iguana.

Vanquished Creatures
  2 adders (D:2)
  3 ribbon worms
  A dart slug (D:3)
  An orc (D:4)
  7 endoplasms
  2 giant cockroaches
  6 goblins
  3 hobgoblins
  2 jackals (D:1)
  3 ball pythons
  2 bats
  8 kobolds
  4 rats
44 creatures vanquished.

Notes
Turn   | Place    | Note
-------+----------+-------------------------------------------
     0 | D:1      | Killerpretzel the Octopode Shapeshifter began the quest for
                  | the Orb.
     0 | D:1      | Reached XP level 1. HP: 13/13 MP: 1/1
   406 | D:1      | Reached XP level 2. HP: 16/18 MP: 2/2
   525 | D:1      | Found a faded altar of an unknown god.
  1348 | D:2      | Reached XP level 3. HP: 23/23 MP: 3/3
  1616 | D:2      | Found a bloodstained altar of Trog.
  1619 | D:2      | You fall into a shaft and drop 1 floor!
  1755 | D:3      | Reached XP level 4. HP: 29/29 MP: 4/4
  1774 | D:3      | Found a radiant altar of Vehumet.
  1774 | D:3      | Noticed a frost-covered statue
  1780 | D:3      | Became a worshipper of Vehumet
  3246 | D:4      | Found a staircase to the Ecumenical Temple.
  3321 | D:4      | Noticed a black bear
  3324 | D:4      | Noticed a scorpion
  3333 | D:4      | Slain by a black bear

Illustrated notes

Levels and vault maps discovered:
D:1:      spicycebolla_green_bress_n_ham, layout_basic,
          ebering_ecumenical_altar_webs
D:2:      layout_loops_corners, basic_altar, serial_bayou_pond_b
D:3:      layout_basic, vehumet_statue, serial_bayou_lagoon_b
D:4:      layout_cave_pods, gammafunk_temple_overflow_wave,
          minmay_temple_entry_butterflies, amcnicky_mini_pool_small,
          kennysheep_boxes

Action                     |  1- 3 |  4- 6 || total
---------------------------+-------+-------++-------
  Melee: Unarmed           |    20 |       ||    20
         Constrict         |    18 |     6 ||    24
         Tentacles         |    13 |    10 ||    23
         Short sword       |    45 |    11 ||    56
         Whip              |       |    19 ||    19
    Use: Scroll            |       |     7 ||     7
   Stab: Sleeping          |     6 |     5 ||    11
 Armour: Skin              |    35 |    11 ||    46
  Dodge: Dodged            |    18 |    21 ||    39
